 Dungeon Crawl Stone Soup version 0.31-b1-12-gca42e3d1b8 (webtiles) character file.

Game seed: 14935233165596966122

8574 hawla the Gouger (level 11, -5/51 HPs)
             Began as a Felid Shapeshifter on Jan 14, 2024.
             Was a Believer of Makhleb.
             Slain by an orc knight
             ... wielding a +0 great sword
              (18 damage)
             ... on level 1 of the Orcish Mines on Jan 15, 2024.
             The game lasted 00:31:45 (7949 turns).

hawla the Gouger (Felid Shapeshifter)               Turns: 7949, Time: 00:31:45

Health: -5/51      AC:  6    Str: 14    XL:     11   Next: 11%
Magic:  15/16      EV: 26    Int: 14    God:    Makhleb [**....]
Gold:   1166       SH:  0    Dex: 16    Spells: 12/15 levels left
                                        Lives:  0   Deaths: 4

rFire   + .          .
                       - Unarmed
rCold   . . .        (shield unavailable)
rNeg    . . .        (body armour unavailable)
rPois   .            (helmet unavailable)
rElec   .            (cloak unavailable)
rCorr   .            (gloves unavailable)
SInv    +            (boots unavailable)
Will    +....        l - amulet of regeneration
Stlth   +            x - +4 ring of protection
HPRegen 1.08/turn    u - ring of protection from fire
MPRegen 0.15/turn

%: no passive effects
@: flux-form, attractive, glowing
A: glow, contaminating, very small, claws 1, fangs 3, see invisible, shaggy fur
2, stealthy paws, no weapons or thrown items, no armour, multi-lived
a: Begin Untransformation, Renounce Religion, Minor Destruction


You were on level 1 of the Orcish Mines.
You worshipped Makhleb.
Makhleb was pleased with you.
You were something dangerously unstable.
You visited 3 branches of the dungeon, and saw 12 of its levels.
You also visited: Sewer.

You collected 1166 gold pieces.

Inventory:

Jewellery
 d - a ring of willpower
 h - a ring of fire
 l - an amulet of regeneration (around neck)
 u - a ring of protection from fire (right paw)
 x - a +4 ring of protection (left paw)
 z - an amulet of the acrobat
 F - a ring of resist corrosion
Talismans
 b - a beast talisman
 c - a flux talisman (active)
 A - a serpent talisman
Wands
 n - a wand of paralysis (1)
 D - a wand of flame (21)
 E - a wand of digging (6)
Scrolls
 f - 3 scrolls of teleportation
 j - 5 scrolls of poison
 k - 2 scrolls of immolation
 m - a scroll of amnesia
 w - a scroll of enchant armour {unknown}
 y - a scroll of noise {unknown}
 B - a scroll of identify
 C - a scroll of vulnerability
Potions
 a - a potion of might {unknown}
 e - 2 potions of curing
 i - 6 potions of haste {unknown}
 p - 3 potions of enlightenment {unknown}
 r - 2 potions of brilliance
 s - 2 potions of invisibility
 G - 2 potions of resistance {unknown}


   Skills:
 + Level 2.6 Fighting
 + Level 8.2 Dodging
 + Level 4.4 Stealth
 + Level 9.7 Unarmed Combat
 + Level 2.8 Spellcasting
 + Level 2.0 Translocations
 + Level 3.4 Air Magic
 + Level 2.2 Alchemy
 + Level 3.0 Invocations
 + Level 3.4 Evocations
 + Level 9.0 Shapeshifting


You had 12 spell levels left.
You knew the following spells:

 Your Spells              Type           Power      Damage    Failure   Level
a - Mercury Vapours       Alch/Air       18%        N/A       11%         2
b - Apportation           Tloc           14%        N/A       10%         1

Your spell library contained the following spells:

 Spells                   Type           Power      Damage    Failure   Level
 Mephitic Cloud           Conj/Alch/Air  7%         N/A       30%         3
 Jinxbite                 Hex            2%         N/A       32%         2
 Inner Flame              Hex/Fire       1%         N/A       54%         3
 Leda's Liquefaction      Alch/Erth      2%         N/A       80%         4
 Summon Blazeheart Golem  Fire/Summ      1%         N/A       91%         4
 Alistair's Intoxication  Alch           5%         N/A       94%         5
 Freezing Cloud           Conj/Ice/Air   2%         6-21      98%         5
 Yara's Violent Unravell  Hex/Alch       2%         3d3       98%         5
 Iskenderun's Battlesphe  Conj           1%         2d6       99%         5
 Lee's Rapid Deconstruct  Erth           0%         3d4*      99%         5
 Bombard                  Conj/Erth      0%         9d1       100%        6
 Spellforged Servitor     Conj/Summ      0%         N/A       100%        7
 Ignition                 Fire           0%         3d3       100%        8


Dungeon Overview and Level Annotations

Branches:
Dungeon (9/15)             Temple (1/1) D:7             Orc (2/2) D:9
    Elf (0/3) Orc:2         Sewer (visited)
   Lair: D:8-11

Altars:
Ashenzari
Cheibriados
Dithmenos
Elyvilon
Fedhas
Gozag
Hepliaklqana
Kikubaaqudgha
Makhleb
Nemelex Xobeh
Okawaru
Qazlal
Ru
Sif Muna
Trog
Uskayaw
Vehumet
Wu Jian
Xom
Yredelemnul
Zin
The Shining One

Shops:
D:4 (   D:9 (

Annotations:
D:3 3 runed translucent doors, AberrantSnake's ghost, amateur TeCj
Orc:2 1 runed translucent door, Bigaod's ghost, journeyman DsGl


Innate Abilities, Weirdness & Mutations

You are something dangerously unstable.
You glow with magical radiation, making you easy to see and hit.
Foes you strike become dangerously contaminated with magical radiation.
You have sharp claws.
You have razor-sharp teeth.
You have supernaturally acute eyesight. (SInv)
You are covered in thick fur. (AC +2)
Your paws help you pounce on unaware monsters.
You are incapable of wielding weapons or throwing items.
You cannot wear armour.
You gain extra lives every three experience levels.


Message History

The orc knight is engulfed in poison gas.
The orc knight looks even sicker.
The orc warrior is attracted toward you.
The orc is attracted toward you. x2
You scratch the orc knight but do no damage.
The orc knight begins to glow.
The orc knight is lightly wounded.
The orc is engulfed in poison gas.
The orc is poisoned.
You kill the orc!
Makhleb accepts your kill. The orc warrior misses you.
The orc is engulfed in poison gas.
The orc looks even sicker.
The orc is engulfed in poison gas.
The orc is poisoned.
You kill the orc!
Makhleb accepts your kill.
The orc knight is engulfed in poison gas.
The orc knight looks even sicker.
The orc knight completely misses you.
You scratch the orc knight but do no damage.
The orc knight glows dangerously bright.
The orc knight is moderately wounded.
You kill the orc!
Makhleb accepts your kill.
The orc warrior is engulfed in poison gas.
The orc warrior looks even sicker.
The orc warrior misses you. The orc warrior completely misses you.
You scratch the orc knight but do no damage.
The orc knight shudders as magic cascades through it!!
The orc knight twists and deforms.
The orc knight is severely wounded.
The orc knight is engulfed in poison gas.
The orc knight looks as sick as possible!
The orc knight hits you with a +0 great sword!
* * * LOW HITPOINT WARNING * * *
The orc warrior is engulfed in poison gas.
The orc warrior looks even sicker.
The orc warrior misses you.
You feel better. The orc warrior completely misses you.
The orc knight is engulfed in poison gas.
The orc knight looks as sick as possible!
The orc knight hits you with a +0 great sword!!
You die...

##.## ####....#.#...#
#..)o.. .###
##..#§§☼§§§§☼§§## #....o.
## #.....☼§§#§§☼§§§##
#.8.o.8 #
##..#.#§§§§§§§§#§##
#......
######§§#☼§§§§§..###......
#§§§§§§§§##...##.8.o.8
##§§§§§§§##§☼###...o..
###§☼§§☼§☼☼§####.ooo.
##po§§§§§##.##8oo.8
##oo☼☼§§☼§..###ooo#
#§§§§§§☼§§..####o##
#§§§..§☼§§.....).).
##§§§§§§§☼.....#..#
###§.§§§§.....#...
#§§§§.§..#.....>
##.§§§...#.....#
#........#.....


You could see an orc knight (extremely poisoned, misshapen) and 2 orc warriors.

Vanquished Creatures
  2 two-headed ogres
  An orc sorcerer (Orc:2)
  Joseph (D:7)
  A wraith (D:8)
  10 yaks
  A shadow (D:8)
  2 wargs
  A steam dragon (D:7)
  3 water moccasins (D:7)
  Pargi (Sewer)
  2 black bears
  5 orc warriors
  4 sky beasts
  7 ogres
  5 centaurs
  2 kobold brigands
  A brain worm (Sewer)
  2 bullfrogs
  A gnoll sergeant (D:7)
  3 wights (D:8)
  6 killer bees (D:7)
  2 bombardier beetles
  2 hounds (D:5)
  2 jellies
  6 orc priests
  2 gnoll boudas (D:7)
  2 iguanas
  13 orc wizards
  26 gnolls
  14 adders
  A shadow imp (D:7)
  A white imp (D:7)
  A dart slug (D:3)
  2 ribbon worms (D:5)
  42 orcs
  7 endoplasms
  6 giant cockroaches
  6 goblins
  8 hobgoblins
  20 kobolds
  4 quokkas
  7 ball pythons
  6 bats
  4 frilled lizards
  7 rats
252 creatures vanquished.

Notes
Turn   | Place    | Note
-------+----------+-------------------------------------------
     0 | D:1      | hawla the Felid Shapeshifter began the quest for the Orb.
     0 | D:1      | Reached XP level 1. HP: 10/10 MP: 2/2
   176 | D:1      | Reached XP level 2. HP: 12/14 MP: 3/3
   426 | D:1      | Reached XP level 3. HP: 16/18 MP: 4/4
   569 | D:2      | Found a faded altar of an unknown god.
  1222 | D:3      | Found a runed translucent gate.
  1222 | D:3      | Found a runed translucent gate.
  1222 | D:3      | Found a runed translucent gate.
  1224 | D:3      | Found an opulent altar of Gozag.
  1225 | D:3      | Noticed AberrantSnake's ghost (amateur TeCj)
  1236 | D:3      | Reached XP level 4. HP: 19/22 MP: 5/5
  1236 | D:3      | Gained a life (2 lives remaining)
  1352 | D:3      | Learned a level 2 spell: Mercury Vapours
  1598 | D:4      | Reached XP level 5. HP: 25/25 MP: 6/6
  1626 | D:4      | Noticed a black bear
  1635 | D:4      | Killed a black bear
  1636 | D:4      | Reached skill level 5 in Shapeshifting
  1860 | D:4      | Got the Compilation of Virous Pyromancy
  1961 | D:4      | Identified the +0 pair of boots "Mokk" {^Drain rF- rCorr
                  | Stlth+}
  2049 | D:4      | Noticed a sky beast
  2054 | D:4      | Gained mutation: You are covered in thick fur. (AC +2)
                  | [Felid growth]
  2054 | D:4      | Reached XP level 6. HP: 30/30 MP: 7/7
  2059 | D:4      | Killed a sky beast
  2201 | D:4      | Found Dyimiuch's Weapon Shop.
  2372 | D:5      | Entered Level 5 of the Dungeon
  2447 | D:5      | Reached XP level 7. HP: 13/33 MP: 8/8
  2449 | D:5      | Killed from afar by an orc priest
  2449 | D:5      | Lost a life (1 life remaining)
  2468 | D:5      | Reached skill level 1 in Air Magic
  2567 | D:5      | You fall into a shaft and drop 1 floor!
  2690 | D:5      | Reached skill level 1 in Spellcasting
  2690 | D:5      | Reached skill level 1 in Alchemy
  2886 | D:5      | Found a sacrificial altar of Ru.
  2886 | D:5      | Found a basalt altar of Yredelemnul.
  2938 | D:5      | Found a glowing drain.
  2947 | Sewer    | Entered a sewer
  3038 | Sewer    | Noticed Pargi
  3048 | Sewer    | Killed Pargi
  3049 | Sewer    | Reached XP level 8. HP: 18/37 MP: 12/12
  3049 | Sewer    | Gained a life (2 lives remaining)
  3421 | D:6      | Reached skill level 1 in Stealth
  3619 | D:6      | Noticed a two-headed ogre
  3627 | D:6      | Killed a two-headed ogre
  3628 | D:6      | Reached skill level 5 in Unarmed Combat
  3628 | D:6      | Reached XP level 9. HP: 32/41 MP: 13/13
  3911 | D:7      | Noticed Joseph
  3923 | D:7      | Slain by Joseph
  3923 | D:7      | Lost a life (1 life remaining)
  4009 | D:7      | Found a staircase to the Ecumenical Temple.
  4016 | Temple   | Entered the Ecumenical Temple
  4045 | Temple   | Became a worshipper of Makhleb the Destroyer
  4107 | D:7      | Reached skill level 5 in Dodging
  4254 | D:7      | Killed Joseph
  4881 | D:7      | Found a hide-covered altar of Uskayaw.
  5262 | D:7      | Reached XP level 10. HP: 32/46 MP: 15/15
  5262 | D:7      | Gained a life (2 lives remaining)
  5438 | D:8      | Found a white marble altar of Elyvilon.
  5452 | D:7      | Reached * piety under Makhleb
  6296 | D:9      | Reached ** piety under Makhleb
  6415 | D:9      | Found a staircase to the Orcish Mines.
  6462 | D:9      | Found Qiycsok's Antique Weapon Boutique.
  6483 | D:9      | Noticed a two-headed ogre
  6489 | D:9      | Killed a two-headed ogre
  6923 | D:9      | Learned a level 1 spell: Apportation
  6943 | Orc:1    | Entered Level 1 of the Orcish Mines
  6954 | Orc:1    | Reached skill level 1 in Invocations
  7096 | Orc:2    | Entered Level 2 of the Orcish Mines
  7096 | Orc:2    | Found a staircase to the Elven Halls.
  7149 | Orc:2    | Noticed an orc sorcerer
  7152 | Orc:2    | Noticed a smoke demon
  7245 | Orc:2    | Paralysed by an orc sorcerer for 3 turns
  7252 | Orc:2    | Killed an orc sorcerer
  7252 | Orc:2    | Noticed an orc knight
  7253 | Orc:2    | Reached XP level 11. HP: 39/51 MP: 12/16
  7270 | Orc:1    | Mangled by a warg
  7270 | Orc:1    | Lost a life (1 life remaining)
  7417 | Orc:1    | Noticed an orc knight
  7668 | Orc:2    | Found a runed translucent door.
  7668 | Orc:2    | Noticed Bigaod's ghost (journeyman DsGl)
  7866 | Orc:1    | Slain by a warg
  7866 | Orc:1    | Lost a life (0 lives remaining)
  7949 | Orc:1    | Slain by an orc knight

Illustrated notes

Levels and vault maps discovered:
D:1:      minmay_arrival_hallway, layout_rooms, st_stairs_10,
          grunt_decor_clamped, minmay_misc_feat_four_crosses
D:2:      layout_rooms, nicolae_ecumenical_pavilion, minmay_tetromino_i4
D:3:      layout_rooms, ebering_ghost_gozag
D:4:      layout_loops_corners, serial_shops, shop, minmay_unequal
D:5:      layout_rooms, nicolae_overflow_two_pavilions, portal_sewer_entry_d
D:6:      layout_basic
D:7:      layout_layer_cave, kennysheep_little_box,
          minmay_temple_entry_mini_moons, uniq_joseph
D:8:      layout_gridville, elyvilon_altar_5, columned_hall_lemuel
D:9:      layout_basic, erik_orc_3, serial_shops, shop
Temple:   eino_narrow_crystal_temple
Orc:1:    layout_caves, lightli_church_of_beogh
Orc:2:    st_orc_congregation, layout_diamond_mine,
          hellmonk_ghost_happy_afterlife

Skill      XL: |  1  2  3  4  5  6  7  8  9 10 11 |
---------------+----------------------------------+-----
Shapeshifting  | 3 4 5 6 7 8 9 |  9.0
Air Magic      | 2 3 |  3.4
Spellcasting   | 2 |  2.8
Alchemy        | 1 2 |  2.2
Evocations     | 2 3 |  3.4
Stealth        | 1 2 4 |  4.4
Dodging        | 4 6 8 |  8.2
Unarmed Combat | 5 7 9 |  9.7
Fighting       | 2 |  2.6
Invocations    | 2 3 |  3.0
Translocations | 2 |  2.0

Action                     |  1- 3 |  4- 6 |  7- 9 | 10-12 || total
---------------------------+-------+-------+-------+-------++-------
  Melee: Unarmed           |    94 |   100 |   350 |   323 ||   867
         Bite              |     6 |    11 |    52 |    65 ||   134
         Punch             |       |     5 |       |       ||     5
   Cast: Mercury Vapours   |       |       |    11 |    13 ||    24
         Apportation       |       |       |       |     2 ||     2
  Evoke: Wand              |       |       |    12 |     5 ||    17
    Use: Scroll            |     3 |     5 |     6 |     4 ||    18
         Potion            |       |     1 |     2 |     3 ||     6
   Stab: Sleeping          |     1 |     5 |     2 |       ||     8
         Paralysed         |       |       |     2 |     3 ||     5
 Armour: Skin              |    26 |    61 |   110 |    99 ||   296
  Dodge: Dodged            |    73 |    91 |   382 |   310 ||   856
   Form: Flux              |       |       |     1 |       ||     1
